Map: Emerald City LE

Players

Massa - Winner!

  • Race: Terran Terran
  • League: Platinum
  • Spawn Location: 5:00

qqq - Winner!

  • Race: Protoss Protoss
  • League: Platinum
  • Spawn Location: 5:00

Narik

  • Race: Terran Terran
  • Spawn Location: 11:00

GaufreAuSuc

  • Race: Zerg Zerg
  • Spawn Location: 11:00

VOD

Have the link to the VOD?

Description

Time

  • Played on: Jan. 4, 2021, 2:33 p.m.
  • Length: 13:44
Show
View Real Time Build Order
Export as new Build Order

Massa Terran - Winner!

Build Orders: 2 Factory, Hellion Opening 

Get SALT Encoding   

  12  0:01  SCV  
  13  0:20  Supply Depot  
  13  0:21  SCV  
  14  0:33  SCV  
  15  0:45  SCV  
  15  0:46  Barracks  
  16  0:52  Refinery  
  16  0:57  Refinery, SCV  
  17  1:10  SCV  
  18  1:22  SCV  
  19  1:35  Orbital Command  
  19  1:45  Factory  
  19  1:51  Barracks Tech Lab  
  19  2:02  Factory  
  19  2:04  SCV  
  20  2:16  SCV  
  20  2:19  Barracks Reactor  
  21  2:28  SCV  
  22  2:32  Supply Depot  
  22  2:37  Infernal Pre-Igniter  
  22  2:42  SCV  
  23  2:46  Supply Depot  
  23  2:51  Supply Depot  
  23  2:54  Hellion  
  25  3:03  Hellion x2  
  29  3:08  Barracks Tech Lab  
  29  3:15  Hellion  
  31  3:27  Hellion x2  
  35  3:37  Hellion  
  37  3:49  Hellion x2  
  41  4:00  Command Center  
  37  4:32  SCV  
  38  4:39  Starport  
  38  4:41  Command Center  
  38  4:44  SCV  
  39  4:47  Widow Mine x2  
  39  4:48  Marine  
  44  4:56  SCV  
  31  5:08  Siege Tank  
  31  5:10  Widow Mine x2  
  38  5:14  Orbital Command  
  38  5:15  SCV  
  38  5:19  Marine  
  40  5:25  Stimpack  
  40  5:30  Medivac  
  40  5:34  SCV  
  43  5:37  Marine  
  43  5:40  SCV  
  45  5:46  SCV  
  45  5:49  Siege Tank  
  49  5:52  SCV  
  49  5:54  SCV, Engineering Bay  
  51  5:58  SCV  
  51  6:01  Liberator  
  55  6:04  SCV, Marine  
  55  6:05  Widow Mine  
  55  6:09  Widow Mine  
  61  6:16  Barracks  
  61  6:21  SCV x2  
  61  6:22  Marine  
  61  6:23  SCV  
  65  6:27  Widow Mine  
  67  6:42  SCV x3  
  67  6:44  Medivac  
  72  6:54  SCV x3  
  72  6:56  Widow Mine  
  72  7:01  Barracks  
  77  7:03  Missile Turret  
  77  7:05  Barracks Reactor  
  77  7:09  Terran Infantry Weapons Level 1, Missile Turret  
  77  7:12  Armory  
  77  7:16  Supply Depot  
  77  7:17  Supply Depot  
  77  7:19  Supply Depot  
  77  7:38  Widow Mine, Marine  
  77  7:43  Supply Depot  
  77  8:15  Medivac, Terran Vehicle Weapons Level 1  
  77  8:17  SCV x3  
  82  8:21  Refinery  
  82  8:23  Refinery  
  82  8:29  SCV x2  
  81  8:41  SCV x2  
  81  8:45  Medivac  
  81  8:47  Siege Tank  
  89  8:48  Widow Mine  
  89  8:49  Widow Mine, Marauder  
  89  8:53  SCV  
  94  8:56  Barracks Reactor  
  94  8:57  Marine  
  94  8:58  Marine  
  96  9:05  Drilling Claws  
  94  9:10  Marauder  
  94  9:12  Orbital Command  
  94  9:14  SCV x2  
  94  9:15  Marine  
  94  9:16  Marine  
  98  9:19  Siege Tank  
  101  9:31  Marine  
  101  9:33  Marine x2  
  101  9:37  Marine x2  
  106  9:40  Widow Mine  
  106  9:44  Command Center  
  108  9:46  Engineering Bay  
  108  9:49  Marine  
  109  9:53  Supply Depot  
  109  9:56  Supply Depot  
  109  9:58  Supply Depot  
  109  10:04  Command Center  
  109  10:10  Missile Turret  
  109  10:15  Marine x3, Siege Tank, Sensor Tower, SCV x2  
  109  10:16  Supply Depot  
  109  10:17  Widow Mine, SCV, Marauder, Marine  
  109  10:18  Supply Depot  
  123  10:22  Supply Depot  
  123  10:23  Smart Servos, Concussive Shells  
  123  10:25  Starport Reactor  
  123  10:27  SCV x2  
  125  10:29  SCV  
  125  10:32  Marine x3  
  125  10:35  Marine  
  130  10:36  Refinery  
  130  10:38  Refinery, Supply Depot  
  130  10:39  SCV x2, Marauder  
  130  10:41  Supply Depot  
  130  10:42  Terran Infantry Weapons Level 2  
  134  10:46  Supply Depot  
  134  10:47  Terran Infantry Armor Level 1, Siege Tank  
  134  10:49  SCV  
  138  10:50  Marine  
  138  10:51  SCV x2  
  141  11:00  Marauder  
  141  11:03  Supply Depot  
  143  11:05  Combat Shield  
  143  11:06  Marine x3  
  143  11:08  Marine  
  147  11:13  Barracks  
  147  11:14  Barracks x2  
  145  11:19  Siege Tank  
  145  11:22  Marauder  
  145  11:23  Barracks  
  145  11:24  Marine x3  
  151  11:26  Marine  
  151  11:29  Widow Mine  
  151  11:30  Widow Mine  
  156  11:41  SCV x4  
  156  11:43  Marauder  
  156  11:45  Planetary Fortress  
  160  11:51  Siege Tank  
  160  11:53  SCV x4  
  167  12:05  SCV  
  164  12:23  Siege Tank  
  137  12:42  Marauder, Marine  
  137  12:43  Marine x3  
  115  13:03  Barracks Reactor, Barracks Tech Lab x2  
  115  13:04  Marauder, Marine x2  
  115  13:05  Marine x2  
  121  13:10  Widow Mine x2, Siege Tank  
  121  13:11  Medivac x2  
  132  13:17  Refinery  
  132  13:18  Refinery  
  132  13:20  Refinery  
  132  13:21  Refinery  
  132  13:22  Marine x3  
  132  13:23  Marine  
Show
View Real Time Build Order
Export as new Build Order

qqq Protoss - Winner!

Build Orders: 1 Gate Expand, Phoenix Opening, Carriers 

Get SALT Encoding   

  12  0:01  Probe  
  13  0:15  Pylon  
  13  0:21  Probe  
  14  0:33  Probe  
  15  0:39  Gateway  
  15  0:45  Probe  
  16  0:57  Probe  
  17  1:09  Pylon  
  17  1:15  Probe  
  18  1:21  Assimilator  
  18  1:27  Probe  
  19  1:34  Nexus  
  19  1:41  Cybernetics Core  
  19  1:44  Probe  
  20  1:56  Probe  
  20  1:58  Assimilator  
  22  2:08  Probe  
  22  2:20  Probe (Chrono Boost)  
  23  2:25  Pylon  
  23  2:41  Forge  
  23  2:42  Probe (Chrono Boost)  
  23  2:44  Pylon  
  24  2:48  Stargate  
  24  2:50  Probe (Chrono Boost)  
  25  2:53  Probe (Chrono Boost)  
  26  3:03  Probe (Chrono Boost)  
  26  3:05  Probe (Chrono Boost)  
  28  3:09  Probe x2 (Chrono Boost)  
  28  3:12  Stargate  
  30  3:17  Probe  
  30  3:18  Probe  
  32  3:29  Probe  
  32  3:30  Pylon  
  32  3:31  Probe  
  35  3:41  Probe  
  35  3:42  Phoenix  
  35  3:43  Probe, Assimilator  
  38  3:49  Assimilator  
  38  3:51  Void Ray  
  38  3:53  Probe  
  38  3:55  Probe  
  44  4:06  Pylon  
  44  4:14  Probe  
  44  4:16  Probe  
  46  4:24  Fleet Beacon  
  46  4:26  Probe  
  46  4:27  Photon Cannon  
  46  4:28  Probe  
  48  4:34  Void Ray  
  48  4:40  Probe  
  54  4:51  Void Ray  
  54  4:52  Probe  
  58  5:18  Carrier  
  64  5:22  Nexus  
  64  5:24  Pylon  
  64  5:27  Pylon  
  64  5:34  Protoss Air Weapons Level 1 (Chrono Boost)  
  64  5:40  Photon Cannon  
  64  5:44  Photon Cannon  
  64  5:51  Photon Cannon  
  64  5:52  Carrier  
  70  5:58  Photon Cannon  
  70  6:12  Photon Cannon  
  70  6:19  Robotics Facility  
  70  6:20  Pylon  
  70  6:21  Tempest  
  75  6:36  Probe  
  76  6:48  Probe  
  77  6:56  Carrier  
  83  7:04  Phoenix  
  83  7:06  Probe  
  86  7:09  Assimilator  
  86  7:12  Assimilator  
  86  7:18  Probe  
  86  7:20  Nexus  
  86  7:22  Pylon  
  93  7:30  Probe (Chrono Boost), Carrier  
  94  7:42  Probe (Chrono Boost)  
  95  7:46  Observer  
  95  7:48  Probe (Chrono Boost)  
  97  7:52  Protoss Air Armor Level 1 (Chrono Boost)  
  97  7:57  Probe  
  98  8:02  Photon Cannon  
  98  8:07  Pylon  
  98  8:09  Probe, Carrier  
  105  8:18  Observer  
  106  8:21  Probe  
  107  8:33  Probe  
  108  8:37  Carrier  
  114  8:45  Probe  
  115  9:13  Probe x2, Carrier  
  115  9:17  Assimilator  
  123  9:20  Assimilator  
  123  9:21  Nexus  
  123  9:24  Pylon  
  123  9:25  Probe  
  123  9:26  Probe, Pylon  
  123  9:28  Shield Battery, Pylon  
  125  9:37  Probe  
  125  9:38  Probe  
  127  9:41  Carrier  
  127  9:44  Protoss Air Weapons Level 2 (Chrono Boost)  
  133  9:50  Probe x2  
  135  10:02  Probe (Chrono Boost)  
  135  10:06  Probe (Chrono Boost)  
  137  10:13  Probe (Chrono Boost), Photon Cannon  
  139  10:17  Probe (Chrono Boost), Photon Cannon, Carrier  
  139  10:18  Probe (Chrono Boost), Pylon  
  139  10:19  Photon Cannon  
  139  10:20  Photon Cannon  
  146  10:23  Shield Battery  
  146  10:26  Probe  
  146  10:27  Pylon  
  147  10:28  Probe  
  147  10:33  Stargate  
  148  10:36  Stargate  
  148  10:39  Mothership (Chrono Boost)  
  148  10:42  Probe (Chrono Boost)  
  158  10:45  Probe (Chrono Boost), Carrier  
  164  11:06  Probe x2  
  164  11:08  Photon Cannon  
  164  11:10  Photon Cannon  
  165  11:12  Photon Cannon  
  165  11:13  Shield Battery  
  165  11:16  Observer, Shield Battery  
  165  11:18  Probe  
  167  11:19  Photon Cannon  
  167  11:22  Carrier  
  173  11:37  Observer  
  165  12:05  Carrier x3  
  183  12:26  Carrier  
Show
View Real Time Build Order
Export as new Build Order

Narik Terran 

Build Orders: Reaper Expand, Mech 

Get SALT Encoding   

  12  0:04  SCV  
  13  0:17  SCV  
  14  0:29  SCV  
  14  0:35  Supply Depot  
  15  0:42  Refinery  
  15  0:56  SCV  
  16  1:03  Barracks  
  16  1:08  SCV  
  17  1:21  SCV  
  18  1:33  SCV  
  18  1:39  Refinery  
  19  1:42  Command Center  
  19  1:50  Reaper  
  20  1:54  Supply Depot  
  20  2:08  Orbital Command  
  20  2:21  Factory  
  20  2:35  SCV  
  21  2:42  Engineering Bay  
  21  2:44  Marine  
  22  2:56  SCV  
  22  2:57  Orbital Command  
  23  3:02  Marine  
  24  3:14  Factory Tech Lab, SCV  
  24  3:19  Missile Turret  
  25  3:20  Marine  
  26  3:31  SCV  
  26  3:32  SCV  
  28  3:34  Siege Tank  
  30  3:44  SCV  
  30  3:45  SCV  
  32  3:54  Supply Depot  
  32  3:55  Marine  
  33  4:15  Siege Tank  
  36  4:22  SCV  
  36  4:23  SCV  
  38  4:33  Marine  
  39  4:51  Marine  
  39  4:52  Missile Turret  
  40  4:56  Missile Turret  
  37  5:12  SCV x2, Armory  
  39  5:17  Missile Turret  
  39  5:28  SCV x2  
  41  5:30  Factory  
  41  5:33  Widow Mine  
  43  5:37  Marine  
  44  5:46  SCV x2  
  46  5:51  Supply Depot  
  46  5:54  Supply Depot  
  46  5:58  Sensor Tower  
  46  6:03  Thor  
  52  6:07  SCV x2  
  52  6:11  Terran Vehicle Weapons Level 1  
  54  6:16  Factory Tech Lab  
  54  6:19  Factory  
  54  6:31  SCV x2  
  56  6:36  Refinery  
  56  6:38  Thor  
  62  6:41  Refinery  
  62  6:42  Sensor Tower  
  62  7:00  Thor  
  68  7:11  Factory Reactor  
  68  7:14  Drilling Claws  
  68  7:29  Supply Depot  
  68  7:30  SCV x2  
  70  7:38  Mag-Field Accelerator  
  70  7:46  Cyclone  
  73  8:08  Cyclone  
  73  8:12  Widow Mine x2  
  80  8:18  Cyclone  
  83  8:22  Factory  
  83  8:24  Factory  
  83  8:47  Smart Servos  
  83  8:50  Thor  
  83  8:54  Cyclone  
  92  9:09  Command Center  
  92  9:29  Cyclone  
  95  9:32  Factory Tech Lab  
  95  9:34  Cyclone  
  95  9:37  Factory Tech Lab  
  98  9:39  Terran Vehicle And Ship Armor Level 1  
  98  9:44  Marine  
  99  9:49  SCV x2  
  101  9:59  Supply Depot  
  101  10:00  Supply Depot x2  
  101  10:01  SCV, Supply Depot  
  101  10:03  Supply Depot  
  102  10:19  Infernal Pre-Igniter  
  102  10:21  Widow Mine x5, SCV x2, Cyclone  
  118  10:29  Supply Depot x2  
  118  10:32  Planetary Fortress  
  118  10:33  SCV  
  118  10:35  Supply Depot  
  118  10:42  Widow Mine, Armory  
  120  10:49  Thor  
  126  10:56  SCV x2  
  128  11:11  Refinery  
  128  11:12  Refinery  
  128  11:29  Thor  
  128  11:30  Thor  
  128  11:31  Widow Mine x3  
  148  11:32  Widow Mine  
  119  12:14  Widow Mine  
  119  12:15  Widow Mine x5  
  104  12:36  Widow Mine x3  
  82  13:02  Widow Mine x3  
  82  13:03  Widow Mine x3  
Show
View Real Time Build Order
Export as new Build Order

GaufreAuSuc Zerg 

Build Orders: Hatch First, Roach Hydra 

Get SALT Encoding   

  12  0:00  Drone  
  13  0:09  Drone  
  14  0:19  Overlord  
  14  0:37  Drone  
  14  0:38  Drone x2  
  17  1:01  Drone x2  
  19  1:04  Hatchery  
  19  1:10  Extractor  
  18  1:11  Drone  
  18  1:30  Drone  
  18  1:32  Spawning Pool  
  18  1:38  Drone  
  19  1:46  Drone  
  20  1:56  Overlord  
  20  2:07  Drone  
  21  2:18  Drone x2  
  21  2:20  Queen x2  
  27  2:25  Metabolic Boost  
  27  2:29  Drone  
  28  2:32  Drone  
  29  2:38  Zergling x4  
  31  2:46  Overlord  
  31  2:55  Drone  
  32  3:03  Drone x2  
  34  3:12  Drone  
  35  3:13  Drone, Hatchery  
  34  3:32  Roach Warren  
  34  3:33  Spine Crawler  
  32  3:36  Spine Crawler  
  32  3:37  Drone x2  
  32  3:39  Drone x3  
  36  3:44  Overlord  
  35  4:11  Roach x3  
  35  4:15  Roach x2  
  45  4:32  Roach x3  
  45  4:33  Roach x2  
  55  4:42  Drone x3  
  58  5:08  Lair  
  58  5:09  Extractor  
  58  5:11  Drone  
  58  5:13  Extractor, Overlord x2  
  57  5:14  Extractor, Drone x2  
  57  5:17  Overlord x2  
  58  5:31  Queen  
  58  5:33  Drone x2  
  62  5:36  Drone x2  
  62  5:39  Drone  
  62  5:40  Drone x2  
  62  5:41  Drone x3  
  70  5:45  Drone x7  
  77  5:53  Evolution Chamber  
  77  5:54  Evolution Chamber  
  75  5:57  Drone  
  75  5:58  Drone  
  75  5:59  Drone  
  75  6:01  Extractor, Spore Crawler  
  75  6:02  Extractor  
  75  6:03  Spine Crawler  
  74  6:08  Drone x2  
  74  6:09  Drone  
  77  6:12  Overlord  
  77  6:15  Overlord  
  77  6:24  Glial Reconstitution  
  77  6:25  Hydralisk Den  
  76  6:27  Zerg Missile Weapons Level 1  
  76  6:29  Zerg Ground Armor Level 1  
  76  6:31  Drone  
  76  6:32  Drone  
  78  6:46  Drone  
  81  6:47  Drone x7  
  86  7:08  Drone  
  86  7:09  Drone x2  
  86  7:36  Hydralisk  
  86  7:37  Hydralisk x9  
  102  7:47  Grooved Spines  
  99  8:08  Drone x2  
  99  8:09  Drone  
  102  8:25  Hatchery, Zerg Ground Armor Level 2, Zerg Missile Weapons Level 2  
  101  8:33  Drone x4  
  100  8:42  Spore Crawler  
  100  8:44  Overlord x3  
  99  8:56  Overlord  
  99  8:58  Muscular Augments  
  99  9:02  Hatchery  
  95  9:07  Drone  
  95  9:09  Drone x2  
  98  9:10  Drone x5  
  102  9:18  Infestation Pit  
  102  9:21  Drone x4  
  102  9:22  Drone x9  
  102  9:24  Overlord x4  
  114  9:28  Pneumatized Carapace  
  114  9:31  Overseer x3  
  114  9:42  Overlord x3  
  114  9:43  Extractor, Overlord  
  113  9:46  Drone x2  
  113  9:47  Drone x3, Extractor  
  113  9:50  Extractor x2  
  113  9:51  Drone x3  
  113  9:52  Drone x4  
  122  9:56  Spore Crawler  
  122  9:57  Spine Crawler  
  120  10:03  Hive  
  120  10:12  Spire, Overlord x2  
  119  10:15  Drone x3  
  119  10:17  Drone x3  
  125  10:22  Drone  
  125  10:23  Drone x3, Hydralisk  
  125  10:24  Hydralisk x3  
  137  10:30  Overlord  
  137  10:31  Overlord  
  137  10:32  Overlord  
  137  10:33  Overlord  
  137  10:42  Hydralisk  
  137  10:43  Hydralisk x4  
  137  10:47  Spore Crawler  
  137  10:48  Spine Crawler  
  145  11:15  Hydralisk x11  
  167  11:19  Viper  
  167  11:20  Viper x8  
  156  12:10  Roach  
  156  12:11  Hydralisk x14, Roach x8  
  192  12:33  Hydralisk  
  192  12:34  Hydralisk x6  
Tags
 
Add a new tag
Caveats
  • Supply blocks, unpowered buildings, or Contaminate may cause inaccurate times.
  • Supply counts are checked every 10 seconds.